 Dungeon Crawl Stone Soup version 0.27-a0-1548-gf8a67e7463 (webtiles) character file.

Game seed: 1544926264487618779

7032 dolemite99 the Slinger (level 10, -6/84 HPs)
             Began as a Minotaur Hunter on July 14, 2021.
             Was a Believer of Fedhas.
             Mangled by a wraith (10 damage)
             ... led by Josephine
             ... on level 9 of the Dungeon.
             The game lasted 00:14:16 (13414 turns).

dolemite99 the Slinger (Minotaur Hunter)           Turns: 13414, Time: 00:14:16

Health: -6/84      AC: 14    Str: 20    XL:     10   Next: 83%
Magic:  14/14      EV:  6    Int:  8    God:    Fedhas [**....]
Gold:   601        SH:  0    Dex: 11    Spells: 9/9 levels left

rFire    . . .     SeeInvis .   a - +1 fustibalus (flame)
rCold    . . .     Faith    .   (no shield)
rNeg     . . .     Spirit   .   m - +0 plate armour
rPois    .         Reflect  .   (helmet restricted)
rElec    .         Harm     .   (no cloak)
rCorr    +         Rampage  .   j - +0 pair of gloves
Will     .....                  (no boots)
Stlth    ..........             (no amulet)
HPRegen  0.24/turn              l - ring of resist corrosion
MPRegen  0.14/turn              (no ring)

@: about to teleport, slowed, very slow
A: horns 2, retaliatory headbutt
a: Renounce Religion, Wall of Briars


You were on level 9 of the Dungeon.
You worshipped Fedhas.
Fedhas was pleased with you.
You visited 1 branch of the dungeon, and saw 10 of its levels.

You collected 601 gold pieces.

Inventory:

Hand Weapons
 a - a +1 fustibalus of flaming (weapon)
 b - a +2 vampiric dagger
 d - a +2 morningstar
 e - a +0 short sword
 i - a +2 hunting sling
 n - a +2 dagger of flaming
 u - a +0 war axe
 x - a +0 arbalest
 y - a +3 long sword
 H - a +1 long sword of holy wrath
 K - a +0 scimitar
Missiles
 o - 274 stones
 p - 5 throwing nets
 q - 100 arrows
 w - 11 boomerangs
 B - 36 sling bullets (quivered ammo)
 C - 40 poisoned darts
 F - 146 bolts
 G - a curare-tipped dart
 J - 14 silver boomerangs
Armour
 c - a +0 leather armour
 j - a +0 pair of gloves (worn)
 m - a +0 plate armour (worn)
Jewellery
 k - a ring of magical power
 l - a ring of resist corrosion (left hand)
 E - a ring of flight
 I - a +6 ring of dexterity
 M - a ring of wizardry
Wands
 r - a wand of paralysis (3)
 L - a wand of iceblast (2)
Scrolls
 v - 3 scrolls of teleportation
Potions
 h - 3 potions of attraction
 s - 2 potions of degeneration
 t - a potion of berserk rage
 z - a potion of ambrosia
 D - 3 potions of lignification


   Skills:
 - Level 6.7 Fighting
 - Level 8.0 Long Blades
 - Level 10.7 Slings
 - Level 6.1 Armour
 - Level 2.1 Dodging
 - Level 3.5 Stealth
 - Level 7.6 Invocations
 + Level 4.1 Evocations


You had 9 spell levels left.
You didn't know any spells.
Your spell library contained the following spells:

 Spells                   Type           Power      Damage    Failure   Level
 Animate Skeleton         Necr           0%         N/A       100%        1
 Beastly Appendage        Tmut           0%         N/A       100%        1
 Magic Dart               Conj           0%         1d3       100%        1
 Pain                     Necr           0%         1d4       100%        1
 Call Imp                 Summ           0%         N/A       100%        2
 Slow                     Hex            0%         N/A       100%        2
 Wereblood                Tmut           0%         N/A       100%        2
 Confusing Touch          Hex            0%         N/A       100%        3
 Mephitic Cloud           Conj/Pois/Air  0%         N/A       100%        3
 Spider Form              Tmut/Pois      0%         N/A       100%        3
 Vampiric Draining        Necr           0%         2d6       100%        3
 Yara's Violent Unravell  Hex/Tmut       0%         3d3       100%        5


Dungeon Overview and Level Annotations

Branches:
Dungeon (10/15)            Temple (0/1) D:5
   Lair: D:8-11         Orc: D:9-12

Altars:
Ashenzari
Cheibriados
Dithmenos
Elyvilon
Fedhas
Nemelex Xobeh
Okawaru
Trog
Wu Jian
Xom
Yredelemnul
The Shining One

Annotations:
D:3 2 runed translucent doors
D:10 robertstho's ghost, journeyman DjFE


Innate Abilities, Weirdness & Mutations

You have a pair of horns on your head.
You reflexively headbutt those who attack you in melee.


Message History

Aim: a wraith (almost destroyed, 63% to hit)
You shoot a sling bullet.
The sling bullet closely misses the wraith.
The sling bullet completely misses the wraith.
The wraith hits you but does no damage.
Fire: 39 sling bullets
Press: ? - help, Q - select action, (/) - cycle Shift-Dir - straight line, f/p - wraith
Aim: a wraith (almost destroyed, 63% to hit)
You shoot a sling bullet.
The sling bullet hits the wraith but does no damage.
The wraith is almost destroyed.
The wraith hits you.
* * * LOW HITPOINT WARNING * * *
The wraith drains your vigour!
You feel as though you will be slow longer.
Fire: 38 sling bullets
Press: ? - help, Q - select action, (/) - cycle Shift-Dir - straight line, f/p - wraith
Aim: a wraith (almost destroyed, 60% to hit)
You shoot a sling bullet. The sling bullet hits the wraith.
The sling bullet burns the wraith.
You destroy the wraith!
Fedhas accepts your kill. The wraith hits you!
* * * LOW HITPOINT WARNING * * *
Your Evocations skill increases to level 4!
Fire: 37 sling bullets
Press: ? - help, Q - select action, (/) - cycle Shift-Dir - straight line, f - wraith
Aim: a wraith (heavily damaged, 62% to hit)
You shoot a sling bullet.
The sling bullet hits the wraith but does no damage.
The wraith is heavily damaged.
The wraith hits you.
* * * LOW HITPOINT WARNING * * *
The wraith drains your vigour!
You feel as though you will be slow longer.
Okay, then.
As you read the scroll of teleportation, it crumbles to dust.
You feel strangely unstable. The wraith hits you!
You die...
Fedhas appreciates your contribution to the ecosystem.

### ####### #.###.....# ######
###.#.......#
.....################.....#..<..#
..>...(..(....(W@.....#.#####.###
.....#.......##########.## #.#
###..........# #[.# #.#
####.......# ##.## #.#
####....##### #..# #.#
##....##.....#### ##.###.#
####..#########....# #.##..###
#....## ####.######..#.#.).
#.#### #.............##


You could see a wraith.

Vanquished Creatures
  Josephine (D:10)
  Harold (D:9)
  A hydra (D:9)
  Pikel (D:9)
  Maurice (D:8)
  A hornet (D:8)
  2 wraiths
  4 yaks (D:8)
  Menkaure (D:5)
  An ice beast (D:6)
  2 sky beasts
  2 necrophages
  An ogre (D:4)
  3 centaurs
  3 lemures (D:9)
  3 kobold brigands
  2 bullfrogs
  7 killer bees
  15 wights
  A bullfrog zombie (D:6)
  2 centaur zombies
  3 jellies
  3 orc priests
  A bullfrog skeleton (D:6)
  A gnoll shaman (D:8)
  3 centaur skeletons
  2 iguanas
  9 orc wizards
  A killer bee zombie (D:4)
  A hound skeleton (D:5)
  2 howler monkey zombies
  6 gnolls
  3 adders
  A white imp (D:5)
  2 adder skeletons (D:5)
  A worm (D:3)
  3 dart slugs
  31 orcs
  8 ball pythons
  2 endoplasms
  2 giant cockroaches
  8 goblins
  8 hobgoblins
  4 jackals (D:2)
  21 kobolds
  3 quokkas
  4 bats
  5 frilled lizards
  A jackal skeleton (D:4)
  2 rats
196 creatures vanquished.

Vanquished Creatures (collateral kills)
  A wyvern skeleton (D:6)
  An adder (D:6)
2 creatures vanquished.

Vanquished Creatures (others)
  10 fungi
  5 toadstools (D:6)
15 creatures vanquished.

Grand Total: 213 creatures vanquished

Notes
Turn   | Place    | Note
-------+----------+-------------------------------------------
     0 | D:1      | dolemite99 the Minotaur Hunter began the quest for the Orb.
     0 | D:1      | Reached XP level 1. HP: 18/18 MP: 0/0
   280 | D:1      | Reached XP level 2. HP: 25/25 MP: 1/1
   522 | D:2      | Reached skill level 5 in Slings
  1380 | D:2      | Reached XP level 3. HP: 30/30 MP: 2/2
  1572 | D:3      | Found an ornate altar of the Wu Jian Council.
  1661 | D:3      | Noticed a necrophage
  1679 | D:3      | Killed a necrophage
  1680 | D:3      | Reached skill level 6 in Slings
  1680 | D:3      | Reached XP level 4. HP: 37/37 MP: 3/3
  1898 | D:3      | Reached skill level 7 in Slings
  1898 | D:3      | Reached XP level 5. HP: 42/42 MP: 4/4
  1975 | D:3      | Found a large runed translucent door.
  1976 | D:3      | Found a large runed translucent door.
  2114 | D:3      | You fall into a shaft and drop 3 floors!
  2221 | D:6      | Reached skill level 1 in Armour
  2278 | D:6      | Reached XP level 6. HP: 45/52 MP: 5/5
  2400 | D:6      | Noticed an ice beast
  2412 | D:6      | Killed an ice beast
  2473 | D:6      | Reached skill level 5 in Fighting
  2484 | D:6      | Reached XP level 7. HP: 55/61 MP: 6/6
  2786 | D:6      | Reached skill level 5 in Armour
  3168 | D:6      | Reached skill level 1 in Long Blades
  3819 | D:7      | Reached XP level 8. HP: 62/71 MP: 7/7
  4200 | D:7      | Reached skill level 5 in Long Blades
  4905 | D:8      | Found a shadowy altar of Dithmenos.
  5007 | D:5      | Entered Level 5 of the Dungeon
  5007 | D:5      | Noticed Menkaure
  5117 | D:5      | Killed Menkaure
  5506 | D:4      | Found a blossoming altar of Fedhas.
  5520 | D:4      | Became a worshipper of Fedhas Madash
  5711 | D:4      | Reached skill level 8 in Slings
  6210 | D:4      | Found a snail-covered altar of Cheibriados.
  6327 | D:4      | Found an iron altar of Okawaru.
  6522 | D:4      | Found a shimmering altar of Xom.
  7048 | D:5      | Found a staircase to the Ecumenical Temple.
  7083 | D:5      | Found a basalt altar of Yredelemnul.
  7167 | D:5      | Found a sparkling altar of Nemelex Xobeh.
  7650 | D:8      | Reached XP level 9. HP: 50/78 MP: 8/8
  8287 | D:8      | Found a broken altar of Ashenzari.
  8808 | D:8      | Reached * piety under Fedhas
  9346 | D:8      | Reached skill level 9 in Slings
  9761 | D:8      | Paralysed by a hornet for 1 turns
  9936 | D:8      | Noticed Maurice
  9950 | D:8      | Killed Maurice
  9951 | D:8      | Reached skill level 10 in Slings
 10691 | D:9      | Reached skill level 1 in Invocations
 10735 | D:9      | Noticed Harold
 10840 | D:8      | Found a white marble altar of Elyvilon.
 10992 | D:9      | Killed Harold
 10993 | D:9      | Reached skill level 5 in Invocations
 11009 | D:8      | Reached XP level 10. HP: 40/84 MP: 10/13
 11390 | D:8      | Reached ** piety under Fedhas
 11808 | D:9      | Noticed Pikel
 11817 | D:9      | Killed Pikel
 11863 | D:9      | Found a glowing golden altar of the Shining One.
 11920 | D:9      | Found a bloodstained altar of Trog.
 11953 | D:9      | Noticed a four-headed hydra
 11960 | D:9      | Killed a four-headed hydra
 13335 | D:10     | Entered Level 10 of the Dungeon
 13346 | D:10     | Noticed a two-headed ogre
 13346 | D:10     | Noticed a cyclops
 13346 | D:10     | Noticed robertstho's ghost (journeyman DjFE)
 13373 | D:10     | Noticed Josephine
 13380 | D:10     | Reached skill level 1 in Evocations
 13382 | D:10     | Killed Josephine
 13412 | D:9      | HP: 4/84 [wraith[Josephine] (10)]
 13414 | D:9      | Mangled by a wraith

Illustrated notes

Levels and vault maps discovered:
D:1:      lightli_arrival_isolated_outpost, layout_basic
D:2:      layout_loops_ring, minivault_5, corexii_leaking_fountain,
          minmay_stone_trees_small, minmay_misc_feat_cross
D:3:      cheibrodos_helix_gallery, layout_loops_ring, general_overflow_altar,
          jmf_multi_god_temple2, skrybe_limestone_x, minmay_quadrilaterals
D:4:      layout_loops_ring, lemuel_doored_altar, mainiacjoe_overflow_chevrons,
          cheibriados_altar_1, fedhas_altar_3
D:5:      layout_basic, mainiacjoe_overflow_catwalk,
          lemuel_coloured_pillars_altar, temple_green, uniq_menkaure
D:6:      layout_rooms, minmay_gold_behind_fungi
D:7:      layout_gridville, dk_noncrumbling_4
D:8:      layout_rooms, lemuel_crystal_altar, elyvilon_altar_3,
          kennysheep_mini_moat, uniq_maurice
D:9:      layout_rooms, lemuel_tele_altar, mainiacjoe_overflow_alcove_1,
          enter_bailey_3, minmay_unpleasant_kobolds, uniq_harold, uniq_pikel
D:10:     layout_long_grid, gammafunk_ghost_split, uniq_josephine

Skill      XL: |  1  2  3  4  5  6  7  8  9 10 |
---------------+-------------------------------+-----
Slings         | 5 6 7 8 10 | 10.7
Fighting       | 3 5 6 |  6.7
Armour         | 2 4 5 6 |  6.1
Long Blades    | 3 8 |  8.0
Invocations    | 5 7 |  7.6
Stealth        | 3 |  3.5
Evocations     | 4 |  4.1
Dodging        | |  2.1

Action                   |  1- 3 |  4- 6 |  7- 9 | 10-12 || total
-------------------------+-------+-------+-------+-------++-------
Melee: Dagger            |       |       |    51 |       ||    51
       Short sword       |       |       |    11 |       ||    11
       Headbutt          |       |       |    19 |       ||    19
       Fustibalus        |       |       |     7 |     1 ||     8
       Long sword        |       |       |     1 |       ||     1
 Fire: Hunting sling     |    75 |    78 |       |       ||   153
       Fustibalus        |       |    39 |   393 |   132 ||   564
Evoke: Wand              |       |       |     4 |     4 ||     8
  Use: Scroll            |       |     4 |    11 |     4 ||    19
       Potion            |       |       |       |     4 ||     4
Armor: Leather armour    |     2 |       |       |       ||     2
       Plate armour      |    11 |    58 |   180 |    59 ||   308
       Skin              |       |       |       |     3 ||     3
Dodge: Dodged            |    11 |    19 |    74 |    27 ||   131

Table legend: (Time is in decaauts)
 A = Elapsed time spent in this place.
 B = Non-inter-level travel time spent in this place.
 C = Inter-level travel time spent in this place.
 D = Time resting spent in this place.
 E = Time spent auto-exploring this place.
 F = Levels seen in this place.
 G = Mean time per level.
                   A        B        C        D        E       F      G
               +--------+--------+--------+--------+--------+-----+--------+
         Total |  13411 |  13021 |    390 |   5327 |   5584 |  10 | 1341.1 |
       Dungeon |  13411 |  13021 |    390 |   5327 |   5584 |  10 | 1341.1 |
               +--------+--------+--------+--------+--------+-----+--------+

Top non-repeatable levels by time:
     D:7: 2960 daAuts
     D:8: 2577 daAuts
     D:9: 1930 daAuts
     D:6: 1517 daAuts
     D:4: 1324 daAuts
     D:5: 946 daAuts
     D:2: 940 daAuts
     D:3: 648 daAuts
     D:1: 516 daAuts
    D:10: 50 daAuts
